 Dungeon Crawl Stone Soup version 0.18-a0-1312-gf98331d (webtiles) character file.

0 glosham the Insei (level 1, -2/14 HPs)
             Began as a Kobold Monk on Feb 15, 2016.
             Slain by an orc
             ... wielding a +0 mace
              (10 damage)
             ... on level 3 of the Dungeon.
             The game lasted 00:00:53 (33 turns).

glosham the Insei (Kobold Monk)                       Turns: 33, Time: 00:00:54

Health: -2/14      AC:  2    Str:  9    XL:     1   Next: 11%
Magic:  1/1        EV: 16    Int:  8    God:
Gold:   0          SH:  0    Dex: 18    Spells: 0 memorised, 0 levels left

rFire  . . .     SeeInvis .       - Unarmed
rCold  . . .     Gourm    .     a - +0 robe
rNeg   . . .     Faith    .     (shield restricted)
rPois  .         Spirit   .     (no helmet)
rElec  .         Dismiss  .     (no cloak)
rCorr  .         Reflect  .     (no gloves)
SustAt .         Harm     .     (no boots)
MR     .....                    (no amulet)
Stlth  +++.......               (no ring)
                                (no ring)

@: not resistant to hostile enchantments, fairly stealthy
A: carnivore 3
a: no special abilities


You were on level 3 of the Dungeon.
You were not hungry.

You visited 1 branch of the dungeon, and saw 3 of its levels.

Inventory:

Armour
 a - a +0 robe (worn)
Scrolls
 c - a scroll of remove curse {unknown}
Potions
 d - a potion of flight {unknown}
Comestibles
 b - a meat ration


   Skills:
 - Level 3.2 Fighting
 - Level 3.6 Dodging
 - Level 2.6 Stealth
 * Level 4.0 Unarmed Combat


You couldn't memorise any spells.
You didn't know any spells.

Dungeon Overview and Level Annotations

Branches:
Dungeon (3/15)

Altars:


Innate Abilities, Weirdness & Mutations

You are small and have problems with some larger weapons.
You are carnivorous and can eat meat at any time.


Message History

Will you prevail where others failed? Will you find the Orb of Zot?
Press ? for a list of commands and other information.
Found a staircase leading out of the dungeon.
Found a scroll labeled WOMEMEV JASCH.
Found an escape hatch in the floor.
Found a stone staircase leading down.
Autopickup is now on.
c - a scroll labeled WOMEMEV JASCH
There is a stone staircase leading down here.
You climb downwards.
A rat comes into view.
Found a bubbling silvery potion.
Found an escape hatch in the floor.
Found a stone staircase leading down.
There is a stone staircase leading up here.
There is a stone staircase leading down here.
The helpless rat fails to defend itself.
You hit the rat.
You kill the rat!
d - a bubbling silvery potion
There is a stone staircase leading down here.
You climb downwards.
An orc comes into view. It is wielding a mace.
There is a stone staircase leading up here.
The helpless orc fails to defend itself.
You hit the orc.
The orc is lightly wounded.
The orc closely misses you.
You closely miss the orc.
The orc is lightly wounded.
You closely miss the orc.
The orc is lightly wounded.
The orc hits you with a mace.
You barely miss the orc.
The orc is lightly wounded.
The orc misses you.
You hit the orc.
The orc is severely wounded.
The orc hits you with a mace!
Ouch! That really hurt!
You die...

# #####.#
#<....##..
#.@......#
#.o...####
#.....#
#.....#
#.....#
#######


You could see an orc.

Vanquished Creatures
  A rat (D:2)
1 creature vanquished.

Notes
Turn   | Place    | Note
--------------------------------------------------------------
     0 | D:1      | glosham the Kobold Monk began the quest for the Orb.
     0 | D:1      | Reached XP level 1. HP: 14/14 MP: 1/1
    33 | D:3      | Slain by an orc

Vault maps used:
D:1:      dpeg_arrival_oval
D:2:      first_bread, uniq_natasha
D:3:      nicolae_overflow_hidden_temple, ecumenical_altar_2, uniq_robin

Action                   || total
-------------------------++-------
Melee: Unarmed           ||     6
 Stab: Sleeping          ||     2

Table legend:
 A = Turns spent in this place as a percentage of turns spent in the entire game.
 B = Non-inter-level travel turns spent in this place as a percentage of non-inter-level travel turns spent in the entire game.
 C = Inter-level travel turns spent in this place as a percentage of turns spent in this place.
 D = Turns resting spent in this place as a percentage of non-inter-level travel turns spent in this place.
 E = Turns spent auto-exploring this place as a percentage of non-inter-level travel turns spent in this place.
 F = Non-inter-level travel turns spent in this place divided by the number of levels of this place that you've seen.
                   A       B       C       D       E      F
               +-------+-------+-------+-------+-------+----------------------
         Total | 100.0 | 100.0 |   0.0 |   0.0 |   0.0 |  10.3
       Dungeon | 100.0 | 100.0 |   0.0 |   0.0 |   0.0 |  10.3
               +-------+-------+-------+-------+-------+----------------------

Table legend:
 A = Kills in this place as a percentage of kills in entire the game.
 B = Kills by you in this place as a percentage of kills by you in the entire game.
 C = Kills by friends in this place as a percentage of kills by friends in the entire game.
 D = Other kills in this place as a percentage of other kills in the entire game.
 E = Experience gained in this place as a percentage of experience gained in the entire game.
 F = Experience gained in this place divided by the number of levels of this place that you have seen.
                   A       B       C       D       E      F
               +-------+-------+-------+-------+-------+----------------------
         Total | 100.0 | 100.0 |  -nan |  -nan | 100.0 |   0.3
       Dungeon | 100.0 | 100.0 |  -nan |  -nan | 100.0 |   0.3
               +-------+-------+-------+-------+-------+----------------------

Vault maps used:
D:1:      dpeg_arrival_oval
D:2:      first_bread, uniq_natasha
D:3:      nicolae_overflow_hidden_temple, ecumenical_altar_2, uniq_robin
